 Seeded DCSS version 0.30-a0-845-g7c6808c8ce (webtiles) character file.

Game seed: 10468854689592527021 (custom seed)

3290 bmack86 the Cleaver (level 9, 0/81 HPs)
             Began as a Minotaur Fighter on Mar 2, 2023.
             Was a Follower of Okawaru.
             Slain by a yak (11 damage)
             ... on level 9 of the Dungeon.
             The game lasted 00:16:15 (8867 turns).

bmack86 the Cleaver (Minotaur Fighter)              Turns: 8867, Time: 00:16:15

Health: 0/81       AC: 14    Str: 25    XL:     9   Next: 69%
Magic:  9/10       EV:  8    Int:  7    God:    Okawaru [*.....]
Gold:   381        SH:  5    Dex: 10    Spells: 8/8 levels left

rFire   . . .      SeeInvis .    a - +1 war axe (heavy)
rCold   . . .      Faith    .    c - +0 buckler
rNeg    . . .      Spirit   .    u - +2 chain mail "Olein Hireh" {Int+2 Stlth+}
rPois   .          Reflect  .    (helmet restricted)
rElec   .          Rampage  .    (no cloak)
rCorr   .                        (no gloves)
Will    .....                    v - +0 pair of boots Stlth
                                 (no amulet)
HPRegen 0.33/turn                (no ring)
MPRegen 0.12/turn                (no ring)

@: no status effects
A: horns 2, retaliatory headbutt
a: Renounce Religion, Heroism


You were on level 9 of the Dungeon.
You worshipped Okawaru.
Okawaru was aware of your devotion.
You visited 2 branches of the dungeon, and saw 10 of its levels.
You also visited: Sewer.

You collected 381 gold pieces.

Inventory:

Hand Weapons
 a - a +1 heavy war axe (weapon)
Missiles
 f - 21 poisoned darts (quivered)
Armour
 c - a +0 buckler (worn)
 u - the +2 chain mail "Olein Hireh" (worn) {Int+2 Stlth+}
   (You found it on level 4 of the Dungeon)

   Int:       It affects your intelligence (+2).
   Stlth:     It makes you more stealthy.
 v - a +0 pair of boots (worn)
 y - a +0 plate armour
Jewellery
 w - a ring of wizardry
Wands
 p - a wand of light (1)
 A - a wand of mindburst (24)
 B - a wand of polymorph (6)
Scrolls
 e - 4 scrolls of teleportation
 m - 3 scrolls of poison
 o - 2 scrolls of magic mapping
 s - a scroll of enchant weapon
 C - a scroll of amnesia
Potions
 b - a potion of magic
 d - 2 potions of might
 g - 2 potions of attraction
 h - 2 potions of heal wounds {unknown}
 i - a potion of flight {unknown}
 j - 2 potions of resistance {unknown}
 k - a potion of degeneration {unknown}
 l - 3 potions of curing {unknown}
 n - 3 potions of cancellation {unknown}
 q - a potion of lignification {unknown}
 r - a potion of brilliance {unknown}
 t - a potion of berserk rage {unknown}
 x - 3 potions of invisibility
 z - a potion of mutation {unknown}


   Skills:
 + Level 7.9 Fighting
 * Level 10.1 Axes
 + Level 3.0 Throwing
 + Level 7.8 Armour
 + Level 7.8 Shields
 + Level 2.9 Invocations


You had 8 spell levels left.
You didn't know any spells.
Your spell library contained the following spells:

 Spells                   Type           Power      Damage    Failure   Level
 Shock                    Conj/Air       0%         1d3       97%         1
 Swiftness                Air            0%         N/A       100%        3
 Airstrike                Air            0%         2d(0-16)  100%        4
 Lightning Bolt           Conj/Air       0%         1d11      100%        5
 Silence                  Hex/Air        0%         N/A       100%        5
 Conjure Ball Lightning   Conj/Air       0%         3x3d6     100%        6
 Death's Door             Necr           0%         N/A       100%        9
 Summon Lightning Spire   Summ/Air       Unusable   N/A       N/A         4

Dungeon Overview and Level Annotations

Branches:
Dungeon (9/15)             Temple (1/1) D:7            Lair (0/5) D:9
  Sewer (visited)
    Orc: D:9-12

Altars:
Ashenzari
Cheibriados
Dithmenos
Elyvilon
Fedhas
Gozag
Hepliaklqana
Kikubaaqudgha
Makhleb
Nemelex Xobeh
Okawaru
Qazlal
Ru
Sif Muna
Trog
Uskayaw
Vehumet
Wu Jian
Yredelemnul
Zin
The Shining One

Shops:
D:1 *:(   D:3 *   D:7 *   D:8 *


Innate Abilities, Weirdness & Mutations

You have a pair of horns on your head.
You reflexively headbutt those who attack you in melee.


Message History

The orc priest is almost dead.
You slice the yak!!
The orc priest hits you but does no damage.
The yak barely misses you.
You barely miss the orc priest. Your headbutt misses the orc priest.
The orc priest is almost dead.
You closely miss the yak. The orc priest barely misses you.
You furiously retaliate!
You headbutt the orc priest!
You kill the orc priest!
Okawaru accepts your kill. You block the yak's attack.
You completely miss the yak. You headbutt the yak, but do no damage.
You hit the yak but do no damage.
The yak gores you but does no damage. x2
You hit the yak.
The yak is lightly wounded.
You barely miss the yak. The yak gores you! The yak gores you.
You slash the yak! You headbutt the yak, but do no damage.
The yak is moderately wounded.
You closely miss the yak. The yak gores you but does no damage.
You block the yak's attack.
You hit the yak. You headbutt the yak!
The yak is severely wounded.
You closely miss the yak. The yak gores you. The yak gores you!
* * * LOW HITPOINT WARNING * * *
A gnoll comes into view. It is wielding a +0 spear.
The gnoll shouts!
You hit the yak.
The yak is severely wounded.
You hit the yak. You slice the gnoll sergeant!!
You feel like a meek peon again. The yak gores you.
* * * LOW HITPOINT WARNING * * *
The yak gores you but does no damage.
The gnoll sergeant hits you with a +4 trident of protection.
* * * LOW HITPOINT WARNING * * *
You hit the yak.
The yak is severely wounded.
You barely miss the yak. You closely miss the gnoll sergeant.
The yak closely misses you. The yak gores you!
You die...

#.......## ..~
#.#......# S~..
#+##.#.####.# ....
###.## #......#
.....###....#.####.>.# .
...#.'........ #.... ...
...#...##.##.###.#
...g.###g#...........#..
}...YyY@...........#.###
#....YY#....#.#.####.# #
#.###.Y#....#)#.# #.# #
....#....#)#.# #.# #
.#...#....#)#.# #.# # #
#...#.####)#.####.# #
....... #.#......###
.#..#### #....####...
#..#.# #.##


You could see 5 yaks, a gnoll sergeant, a killer bee and a gnoll.

Vanquished Creatures
  Maggie (D:9)
  A troll (D:7)
  Sigmund (D:4)
  A water moccasin (D:6)
  An orc warrior (D:9)
  An ice beast (D:7)
  A sky beast (D:7)
  A black bear (D:8)
  An ogre (D:5)
  A phantom (D:5)
  A kobold brigand (D:9)
  A bullfrog (D:7)
  9 wights
  6 electric eels (D:8)
  3 howler monkeys (D:7)
  3 hounds
  2 gnoll boudas
  5 orc priests
  An iguana (D:6)
  A jelly (D:5)
  2 sleepcaps
  3 iron imps (D:4)
  7 orc wizards
  Natasha (thrice) (D:4)
  10 gnolls
  6 adders
  4 river rats (Sewer)
  A white imp (D:6)
  An ufetubus (D:6)
  28 orcs
  12 ball pythons
  7 endoplasms
  7 giant cockroaches
  8 goblins
  6 hobgoblins
  6 jackals
  7 kobolds
  5 quokkas
  4 bats
  5 frilled lizards
  13 rats
187 creatures vanquished.

Vanquished Creatures (others)
  7 plants (D:8)
7 creatures vanquished.

Grand Total: 194 creatures vanquished

Notes
Turn   | Place    | Note
-------+----------+-------------------------------------------
     0 | D:1      | bmack86 the Minotaur Fighter began the quest for the Orb.
     0 | D:1      | Reached XP level 1. HP: 19/19 MP: 0/0
    77 | D:1      | Found Fifa's Book Boutique.
    87 | D:1      | Found Oryidd's Antique Weapon Boutique.
   129 | D:1      | Found a faded altar of an unknown god.
   140 | D:1      | Reached XP level 2. HP: 27/27 MP: 1/1
   178 | D:1      | Reached skill level 3 in Axes
   621 | D:1      | Reached XP level 3. HP: 33/33 MP: 2/2
   621 | D:1      | Found Xatryrr's Assorted Antiques.
  1895 | D:3      | Found Gumuyfat's General Store.
  1939 | D:3      | Got the Treatise on Loathsome Anemomancy
  2159 | D:3      | Reached skill level 4 in Axes
  2159 | D:3      | Reached XP level 4. HP: 9/40 MP: 3/3
  2691 | D:4      | Noticed Natasha
  2694 | D:4      | Killed Natasha
  2695 | D:4      | Reached XP level 5. HP: 38/47 MP: 4/4
  2795 | D:4      | Noticed Sigmund
  2808 | D:4      | Killed Sigmund
  2809 | D:4      | Reached skill level 5 in Fighting
  2809 | D:4      | Reached skill level 5 in Axes
  2809 | D:4      | Reached XP level 6. HP: 28/56 MP: 5/5
  2977 | D:4      | Noticed Natasha
  2985 | D:4      | Killed Natasha
  2986 | D:4      | Reached skill level 5 in Armour
  3001 | D:4      | Noticed Natasha
  3008 | D:4      | Killed Natasha
  3009 | D:4      | Reached skill level 5 in Shields
  3522 | D:4      | Found a burning altar of Makhleb.
  3555 | D:4      | Reached skill level 6 in Axes
  3764 | D:4      | Identified the +2 chain mail "Olein Hireh" {Int+2 Stlth+}
  3872 | D:5      | Entered Level 5 of the Dungeon
  3911 | D:5      | Reached XP level 7. HP: 61/61 MP: 6/6
  3923 | D:5      | Found a glowing drain.
  3944 | Sewer    | Entered a sewer
  4401 | D:5      | You fall into a shaft and drop 1 floor!
  4663 | D:6      | Found a sacrificial altar of Ru.
  4670 | D:6      | Reached skill level 7 in Axes
  4821 | D:5      | Reached XP level 8. HP: 62/70 MP: 7/7
  5049 | D:5      | Found an opulent altar of Gozag.
  5590 | D:6      | Found a blossoming altar of Fedhas.
  6048 | D:7      | Reached skill level 8 in Axes
  6051 | D:7      | Found a staircase to the Ecumenical Temple.
  6166 | Temple   | Entered the Ecumenical Temple
  6330 | Temple   | Became a worshipper of Warmaster Okawaru
  6526 | D:7      | Found Tuihyashru's Assorted Antiques.
  6600 | D:7      | Noticed a troll
  6605 | D:7      | Killed a troll
  6606 | D:7      | Reached skill level 1 in Throwing
  6606 | D:7      | Reached skill level 1 in Invocations
  6714 | D:7      | Reached skill level 9 in Axes
  6725 | D:7      | Reached * piety under Okawaru
  6726 | D:7      | Reached XP level 9. HP: 44/79 MP: 7/9
  8267 | D:8      | Found an ornate altar of the Wu Jian Council.
  8340 | D:8      | Found Syfumm's Gadget Gallery.
  8425 | D:8      | Found a snail-covered altar of Cheibriados.
  8587 | D:9      | Noticed Maggie
  8594 | D:9      | Killed Maggie
  8594 | D:9      | Reached ** piety under Okawaru
  8753 | D:9      | Found a staircase to the Lair.
  8816 | D:9      | Reached skill level 10 in Axes
  8867 | D:9      | Slain by a yak

Illustrated notes

Levels and vault maps discovered:
D:1:      wheals_arrival_linesprint, layout_loops_ring, serial_shops, shop,
          shop, nicolae_shop_hallway_plus, ebering_ecumenical_altar_box
D:2:      layout_basic
D:3:      layout_loops_ring, serial_shops, shop, item_on_display_a
D:4:      layout_basic, demons_altar, uniq_sigmund, uniq_natasha
D:5:      layout_cave_pools, mainiacjoe_overflow_chevrons, gup_sewer_entry_pipe
D:6:      layout_loops_corners, fedhas_altar_4, amcnicky_altar_gilded,
          nicolae_figureground_pulse
D:7:      layout_basic, minmay_temple_entry_statues_fountains, serial_shops,
          shop
D:8:      layout_rooms, mainiacjoe_overflow_alcove_2, lemuel_round_altar,
          wad_floor_pattern_untrapped, chequers_big_river, nicolae_shop_gadgets
D:9:      cheibrodos_helix_gallery, layout_basic, xom_confusion_cloud,
          lair_entry_dummy, uniq_harold, uniq_maggie
Temple:   nicolae_temple_superstar

Skill      XL: |  1  2  3  4  5  6  7  8  9 |
---------------+----------------------------+-----
Axes           | 3 4 5 6 7 9 10 | 10.1
Fighting       | 4 5 6 7 |  7.9
Armour         | 4 5 6 7 |  7.8
Shields        | 4 5 6 7 |  7.8
Throwing       | 1 3 |  3.0
Invocations    | 1 2 |  2.9

Action                     |  1- 3 |  4- 6 |  7- 9 || total
---------------------------+-------+-------+-------++-------
  Melee: War axe           |   101 |    79 |   239 ||   419
         Headbutt          |     7 |    12 |    35 ||    54
  Throw: Dart              |     1 |     3 |    11 ||    15
 Invoke: Heroism           |       |       |     1 ||     1
    Use: Scroll            |     3 |     3 |    10 ||    16
 Armour: Scale mail        |    59 |     8 |       ||    67
         Chain mail        |       |    23 |   146 ||   169
  Dodge: Dodged            |    48 |    41 |    96 ||   185
  Block: Buckler           |    27 |    18 |    53 ||    98

Table legend: (Time is in decaauts)
 A = Elapsed time spent in this place.
 B = Non-inter-level travel time spent in this place.
 C = Inter-level travel time spent in this place.
 D = Time resting spent in this place.
 E = Time spent auto-exploring this place.
 F = Levels seen in this place.
 G = Mean time per level.
                   A        B        C        D        E       F      G
               +--------+--------+--------+--------+--------+-----+--------+
         Total |   9092 |   8707 |    385 |    540 |   6104 |  11 |  826.5 |
       Dungeon |   8456 |   8093 |    363 |    540 |   5779 |   9 |  939.6 |
        Temple |    225 |    203 |     22 |      0 |    178 |   1 |  225.0 |
         Sewer |    410 |    410 |      0 |      0 |    147 |   1 |  410.0 |
               +--------+--------+--------+--------+--------+-----+--------+

Top non-repeatable levels by time:
     D:7: 1303 daAuts
     D:8: 1212 daAuts
     D:4: 1193 daAuts
     D:6: 1118 daAuts
     D:1: 993 daAuts
     D:2: 882 daAuts
     D:3: 857 daAuts
     D:5: 545 daAuts
   Sewer: 410 daAuts
     D:9: 350 daAuts
  Temple: 225 daAuts
